 Dungeon Crawl Stone Soup version 0.31-a0-810-ga77100ea1a (webtiles) character file.

Game seed: 4366587413913258103

4706 dynsetu the Unseen (level 10, -11/58 HPs)
             Began as a Vampire Brigand on Sept 22, 2023.
             Was a Believer of Dithmenos.
             Killed by divine providence
             ... invoked by an orc priest
              (12 damage)
             ... on level 9 of the Dungeon.
             The game lasted 00:25:47 (10360 turns).

dynsetu the Unseen (Vampire Brigand)               Turns: 10360, Time: 00:25:48

Health: -11/58     AC:  1    Str: 22      XL:     10   Next: 21%
Magic:  10/10      EV: 17    Int: 11 (13) God:    Dithmenos [**....]
Gold:   441        SH:  0    Dex: 21      Spells: 9/9 levels left

rFire   + . .        i - +2 dagger (venom)
rCold   + + .        (no shield)
rNeg    + + +        B - +1 robe {rF+}
rPois   ∞            K - +0 helmet
rElec   .            c - +0 cloak
rCorr   .            (no gloves)
SInv    +            (no boots)
Will    +....        (no amulet) Stlth *+++++++++
                     u - +6 ring of strength
HPRegen 0.00/turn    I - +6 ring of strength
MPRegen 0.12/turn

%: no passive effects
@: marked, corroded, bloodless, inhibited regen, wreathed by umbra
A: bloodless, fangs 3, see invisible, vampiric 2
a: Bat Form, Revivify, Renounce Religion, Shadow Step


You were on level 9 of the Dungeon.
You worshipped Dithmenos.
Dithmenos was pleased with you.
You visited 1 branch of the dungeon, and saw 9 of its levels.

You collected 456 gold pieces.
You spent 15 gold pieces at shops.

Inventory:

Hand Weapons
 i - a +2 dagger of venom (weapon)
 x - a +1 short sword of draining
 E - a +2 short sword of speed
Missiles
 b - a throwing net
 d - 44 poisoned darts (quivered)
 e - 3 curare-tipped darts
 s - 7 boomerangs
Armour
 c - a +0 cloak (worn)
 o - an orb of energy
 y - the +3 helmet "Hotir" {rF+ Str-4 Int+2}
   (You found it on level 7 of the Dungeon)

   Str-4:     It affects your strength (-4).
   Int+2:     It affects your intelligence (+2).
   rF+:       It protects you from fire.
 B - a +1 robe of fire resistance (worn)
 F - the +1 helmet "Oxufyem" {*Slow Fly Dex+6 SInv}
   (You found it on level 9 of the Dungeon)

   Dex+6:     It affects your dexterity (+6).
   SInv:      It lets you see invisible.
   Fly:       It grants you flight.
   *Slow:     It may slow you when you take damage.
 H - an orb of mayhem
 K - a +0 helmet (worn)
Jewellery
 u - a +6 ring of strength (left hand)
 I - a +6 ring of strength (right hand)
Wands
 n - a wand of mindburst (12)
 p - a wand of polymorph (9)
 D - a wand of charming (5)
 J - a wand of quicksilver (8)
Scrolls
 f - a scroll of immolation {unknown}
 h - 6 scrolls of identify {unknown}
 k - 3 scrolls of teleportation {unknown}
 l - 2 scrolls of revelation {unknown}
 m - 3 scrolls of vulnerability {unknown}
 t - a scroll of fear {unknown}
 v - a scroll of enchant armour {unknown}
 G - a scroll of amnesia {unknown}
Potions
 a - 2 potions of enlightenment {unknown}
 g - 4 potions of curing {unknown}
 j - 4 potions of might {unknown}
 q - a potion of magic {unknown}
 r - 3 potions of heal wounds {unknown}
 w - a potion of cancellation {unknown}
 z - 2 potions of haste {unknown}
 A - a potion of attraction {unknown}


   Skills:
 + Level 4.9 Fighting
 + Level 8.1 Short Blades
 + Level 2.2 Throwing
 + Level 6.8 Dodging
 + Level 16.6 Stealth


You had 9 spell levels left.
You didn't know any spells.
Your spell library contained the following spells:

 Spells                   Type           Power      Damage    Failure   Level
 Summon Small Mammal      Summ           0%         N/A       34%         1
 Sublimation of Blood     Necr           0%         N/A       47%         2
 Call Canine Familiar     Summ           0%         N/A       71%         3
 Summon Guardian Golem    Hex/Summ       0%         N/A       71%         3
 Petrify                  Tmut/Erth      0%         N/A       98%         4
 Irradiate                Conj/Tmut      0%         3d11      100%        5


Dungeon Overview and Level Annotations

Branches:
Dungeon (9/15)             Temple (0/1) D:7
   Lair: D:8-11         Orc: D:9-12

Altars:
Cheibriados
Dithmenos
Fedhas
Gozag
Hepliaklqana
Nemelex Xobeh
Qazlal
Vehumet
Yredelemnul

Shops:
D:5 *=*   D:9 (

Annotations:
D:6 2 runed translucent doors, exclusion: statue, hattop's ghost, novice HuNe


Innate Abilities, Weirdness & Mutations

You do not regenerate when monsters are visible.
You are frail without blood (-20% HP).
You can heal yourself when you bite living creatures.
You are immune to poison.
You have razor-sharp teeth.
You have supernaturally acute eyesight. (SInv)
You are afflicted with vampirism and can become a bat while bloodless.


Message History

You hit the acid dragon.
The acid dragon is severely wounded.
The acid dragon barely misses you. The acid dragon misses you.
You hit the acid dragon but do no damage.
The acid dragon is severely wounded.
The orc misses you.
You hit the acid dragon.
The acid dragon is severely wounded.
The acid dragon bites you!
The acid dragon claws you but does no damage.
The orc misses you.
You hit the acid dragon but do no damage.
The acid dragon is severely wounded.
The orc priest invokes the aid of Beogh against you.
Beogh smites you!
You hit the acid dragon.
You bite the acid dragon, but do no damage.
The acid dragon is severely wounded.
The acid dragon barely misses you. The acid dragon claws you.
The orc priest calls down the wrath of Beogh upon you.
Beogh smites you!
* * * LOW HITPOINT WARNING * * *
You hit the acid dragon but do no damage.
The acid dragon is severely wounded.
The acid dragon barely misses you. x2
You hit the acid dragon.
The acid dragon is almost dead.
The orc hits you but does no damage.
You hit the acid dragon but do no damage.
The acid dragon is almost dead.
The acid dragon spits acid at you. The splash of acid hits you!
* * * LOW HITPOINT WARNING * * *
The acid corrodes you! The orc barely misses you.
Unknown command.
You hit the acid dragon but do no damage.
The acid dragon is almost dead.
The orc priest mumbles some strange prayers to Beogh against you.
Beogh smites you!
You die...

..<.............#
.#.##.#...........#
.#.##.#..#.#.##.#.#
.............##.#.##
8..................#
#.#.........)#.##..#
8.....##.....#.##..######
..##............oo......##
####.###.###....@Do.......
####.###.###...###.####.#
...............# #.# #
####.##........#
#o####.#.###
####.##..###.###
#...o.o....# '........#
#.# #.####.#####
#.#####..# #.# #.# # #.#
#..###.#####.####.## #.##
#...........!.......


You could see an orc warrior, an acid dragon (catching breath), an orc priest
and an orc.

Vanquished Creatures
  Pikel (D:7)
  Jeremiah (D:9)
  A komodo dragon (D:6)
  A hornet (D:7)
  A steam dragon (D:8)
  3 water moccasins
  3 orc warriors
  An ice beast (D:7)
  A black bear (D:4)
  An ogre (D:7)
  A lemure (D:7)
  2 centaurs
  2 phantoms (D:6)
  3 kobold brigands
  A bullfrog (D:9)
  3 gnoll sergeants
  2 scorpions
  A water moccasin zombie (D:5)
  5 killer bees (D:6)
  3 wights
  5 howler monkeys
  A bullfrog zombie (D:5)
  A centaur skeleton (D:3)
  2 orc priests (D:5)
  4 hounds
  4 jellies
  4 iguanas
  A sleepcap (D:3)
  Ijyb (D:4)
  6 orc wizards
  A scorpion zombie (D:5)
  A hound zombie (D:5)
  A hound skeleton (D:3)
  A howler monkey zombie (D:5)
  11 gnolls
  9 adders
  An ufetubus (D:6)
  4 adder zombies
  An adder skeleton (D:3)
  A worm (D:3)
  5 dart slugs
  16 orcs
  3 bats
  8 endoplasms
  3 giant cockroaches
  9 goblins
  8 hobgoblins
  7 jackals (D:1)
  19 kobolds
  7 quokkas
  6 ball pythons
  A frilled lizard (D:2)
  A quokka skeleton (D:3)
  6 rats
196 creatures vanquished.

Notes
Turn   | Place    | Note
-------+----------+-------------------------------------------
     0 | D:1      | dynsetu the Vampire Brigand began the quest for the Orb.
     0 | D:1      | Reached XP level 1. HP: 16/16 MP: 1/1
    49 | D:1      | Reached skill level 6 in Stealth
   100 | D:1      | Reached XP level 2. HP: 13/17 MP: 2/2
   246 | D:1      | Reached skill level 7 in Stealth
   381 | D:1      | Gained mutation: You are afflicted with vampirism and can
                  | become a bat while bloodless. [Vampire growth]
   381 | D:1      | Reached XP level 3. HP: 15/21 MP: 3/3
   958 | D:2      | Reached XP level 4. HP: 26/26 MP: 4/4
  1112 | D:2      | Reached skill level 8 in Stealth
  1728 | D:4      | Found a blossoming altar of Fedhas.
  1730 | D:4      | Noticed a scorpion
  1738 | D:4      | Killed a scorpion
  1739 | D:4      | Reached skill level 9 in Stealth
  1739 | D:4      | Reached XP level 5. HP: 30/30 MP: 5/5
  1889 | D:4      | Noticed Ijyb
  1896 | D:4      | Killed Ijyb
  1933 | D:4      | Reached skill level 10 in Stealth
  1933 | D:4      | Reached XP level 6. HP: 35/35 MP: 6/6
  2771 | D:3      | Reached skill level 11 in Stealth
  2883 | D:3      | Reached XP level 7. HP: 15/40 MP: 7/7
  3812 | D:4      | Found a blossoming altar of Fedhas.
  4494 | D:5      | Entered Level 5 of the Dungeon
  4504 | D:5      | Found Hiuroaps's General Store.
  4634 | D:5      | Bought a potion of degeneration for 15 gold pieces
  4676 | D:5      | Found a stormy altar of Qazlal.
  4676 | D:5      | Noticed a water elemental
  4682 | D:5      | Noticed a fire elemental
  4682 | D:5      | Noticed an air elemental
  4746 | D:5      | Found Ubleuff's Jewellery Shop.
  4836 | D:5      | Found a shadowy altar of Dithmenos.
  4913 | D:5      | Became a worshipper of Dithmenos the Shadowed
  4961 | D:5      | Found a basalt altar of Yredelemnul.
  5160 | D:5      | Reached skill level 12 in Stealth
  5206 | D:5      | Reached skill level 5 in Short Blades
  5264 | D:5      | Found a sparkling altar of Nemelex Xobeh.
  5299 | D:5      | Found Tizxin's Assorted Antiques.
  5381 | D:5      | Found a basalt altar of Yredelemnul.
  5446 | D:5      | Reached XP level 8. HP: 40/46 MP: 8/8
  5480 | D:5      | Reached * piety under Dithmenos
  5629 | D:5      | Found a sparkling altar of Nemelex Xobeh.
  5660 | D:5      | Found Tizxin's Assorted Antiques.
  5702 | D:5      | Found Hiuroaps's General Store.
  5767 | D:5      | Found a stormy altar of Qazlal.
  5825 | D:5      | Found Ubleuff's Jewellery Shop.
  5919 | D:5      | Found a shadowy altar of Dithmenos.
  6094 | D:6      | Found a radiant altar of Vehumet.
  6898 | D:6      | Noticed a komodo dragon
  6904 | D:6      | Killed a komodo dragon
  6905 | D:6      | Reached skill level 13 in Stealth
  6906 | D:6      | Found a runed translucent door.
  6908 | D:6      | Noticed hattop's ghost (novice HuNe)
  6954 | D:6      | Found a runed translucent door.
  7181 | D:6      | Reached skill level 5 in Dodging
  7222 | D:6      | Reached XP level 9. HP: 52/52 MP: 9/9
  7372 | D:7      | Found a staircase to the Ecumenical Temple.
  7507 | D:7      | Identified the +3 helmet "Hotir" {rF+ Str-4 Int+2}
  7517 | D:7      | Noticed Pikel
  7540 | D:7      | Killed Pikel
  7541 | D:7      | Reached skill level 14 in Stealth
  7714 | D:7      | Reached skill level 15 in Stealth
  8125 | D:7      | Found an opulent altar of Gozag.
  8186 | D:7      | Reached ** piety under Dithmenos
  8408 | D:7      | Found a hazy altar of Hepliaklqana.
  8544 | D:8      | Found a snail-covered altar of Cheibriados.
  8588 | D:7      | Reached skill level 16 in Stealth
  8943 | D:8      | Reached XP level 10. HP: 47/58 MP: 10/10
  9947 | D:9      | Identified the +1 helmet "Oxufyem" {*Slow Fly Dex+6 SInv}
 10059 | D:9      | Noticed Jeremiah
 10080 | D:9      | Killed Jeremiah
 10221 | D:9      | Found Paoq's Antique Weapon Shop.
 10359 | D:9      | HP: 1/58 [acid dragon/splash of acid (16)]
 10360 | D:9      | Killed from afar by an orc priest

Illustrated notes

Levels and vault maps discovered:
D:1:      spicycebolla_green_bress_n_ham, layout_loops_ring
D:2:      layout_basic
D:3:      layout_basic, serial_undead, serial_undead_a, serial_undead_c,
          serial_undead_a, serial_undead_d
D:4:      black_bear_nest_1, layout_basic, overflow_temple_1_default, uniq_ijyb
D:5:      layout_rooms, nemelex_xobeh_ov_fountains_minmay,
          nicolae_qazlal_style_of_elements, grunt_dithmenos_smoke_and_mirrors,
          nicolae_yredelemnul_corpse_copse, serial_rivers,
          chequers_serial_rivers_small_b, chequers_serial_rivers_room_a,
          chequers_serial_rivers_micro_e, chequers_serial_rivers_micro_c,
          chequers_serial_rivers_micro_c, serial_shops,
          nicolae_shop_window_shopping, kennysheep_mini,
          nicolae_shop_back_alley_shop
D:6:      layout_loops_cross, marbit_many_paths, vehumet_statue,
          ebering_ghost_sewer_f
D:7:      layout_basic, pdpol_temple_overflow_zin_treasury_gozag_greed,
          nzn_hepliaklqana_mist_gate, minmay_temple_entry_offerings, uniq_pikel
D:8:      layout_basic, kennysheep_little_box, kennysheep_generic_room_3
D:9:      layout_basic, serial_shops, nicolae_stop_n_shop_1,
          minmay_statues_item, uniq_amaemon, uniq_jeremiah

Skill      XL: |  1  2  3  4  5  6  7  8  9 10 |
---------------+-------------------------------+-----
Stealth        | 6 7 9 10 11 12 13 16 | 16.6
Fighting       | 2 3 4 |  4.9
Short Blades   | 3 5 6 7 8 |  8.1
Dodging        | 3 5 6 |  6.8
Throwing       | 2 |  2.2

Action                     |  1- 3 |  4- 6 |  7- 9 | 10-12 || total
---------------------------+-------+-------+-------+-------++-------
  Melee: Dagger            |    98 |   136 |   371 |   108 ||   713
         Bite              |     6 |    19 |    49 |    14 ||    88
         Punch             |     1 |       |     8 |     2 ||    11
         Short sword       |       |       |    15 |       ||    15
  Throw: Dart              |       |     1 |     9 |       ||    10
Ability: Exsanguinate      |     1 |       |     1 |       ||     2
         Bat Form          |       |       |     2 |       ||     2
         End Transformatio |       |       |     1 |       ||     1
         Revivify          |       |       |     1 |       ||     1
  Evoke: Wand              |       |       |     1 |       ||     1
   Stab: Sleeping          |    21 |    16 |    31 |     2 ||    70
         Distracted        |     1 |     1 |     3 |       ||     5
 Armour: Robe              |    34 |    66 |   141 |    38 ||   279
  Dodge: Dodged            |    34 |    82 |   204 |    72 ||   392

Table legend: (Time is in decaauts)
 A = Elapsed time spent in this place.
 B = Non-inter-level travel time spent in this place.
 C = Inter-level travel time spent in this place.
 D = Time resting spent in this place.
 E = Time spent auto-exploring this place.
 F = Levels seen in this place.
 G = Mean time per level.
                   A        B        C        D        E       F      G
               +--------+--------+--------+--------+--------+-----+--------+
         Total |  10140 |   9703 |    437 |     99 |   7652 |   9 | 1126.7 |
       Dungeon |  10140 |   9703 |    437 |     99 |   7652 |   9 | 1126.7 |
               +--------+--------+--------+--------+--------+-----+--------+

Top non-repeatable levels by time:
     D:4: 2099 daAuts
     D:5: 1596 daAuts
     D:7: 1273 daAuts
     D:8: 1205 daAuts
     D:3: 1124 daAuts
     D:6: 1076 daAuts
     D:1: 735 daAuts
     D:2: 587 daAuts
     D:9: 441 daAuts
